 Dungeon Crawl Stone Soup version 0.22-a0-348-gd16d139 (webtiles) character file.

30 iamserjio the Insei (level 3, 0/26 HPs)
             Began as an Octopode Monk on Apr 10, 2018.
             Slain by a kobold
             ... wielding a +0 short sword
              (2 damage)
             ... on level 2 of the Dungeon.
             The game lasted 00:02:57 (1184 turns).

iamserjio the Insei (Octopode Monk)                 Turns: 1184, Time: 00:02:57

Health: 0/26       AC:  1    Str: 15    XL:     3   Next: 18%
Magic:  3/3        EV: 11    Int: 12    God:
Gold:   105        SH:  0    Dex: 15    Spells: 2/2 levels left

rFire    . . .     SeeInvis .     - Unarmed
rCold    . . .     Gourm    .   l - +0 shield
rNeg     . . .     Faith    .   (helmet restricted)
rPois    .         Spirit   .   (no amulet)
rElec    .         Reflect  .   (no ring)
rCorr    .         Harm     .   (no ring)
MR       .....                  (no ring)
Stlth    ++........             (no ring)
HPRegen  0.08/turn              (no ring)
MPRegen  0.08/turn              (no ring)
                                (no ring)
                                (no ring)

@: confused, mighty
A: almost no armour, stealthy swim, amphibious, 8 rings, constrict 8, camouflage
1, gelatinous body 1
a: no special abilities


You were on level 2 of the Dungeon.
You were hungry.

You visited 1 branch of the dungeon, and saw 2 of its levels.

You collected 105 gold pieces.

Inventory:

Hand Weapons
 j - a +0 club
 k - a +2 dagger of draining
Missiles
 b - 83 stones (quivered)
Armour
 l - a +0 shield (worn)
Jewellery
 d - a cursed amulet of inaccuracy {unknown}
 e - a cursed ring of loudness {unknown}
 g - a cursed -3 ring of strength {unknown}
Scrolls
 c - 3 scrolls of identify {unknown}
 h - a scroll of teleportation {unknown}
Potions
 i - a potion of lignification {unknown}
Comestibles
 a - 2 rations


   Skills:
 - Level 3.0 Fighting
 - Level 3.0 Dodging
 + Level 3.6 Stealth
 * Level 3.8 Unarmed Combat


You had 2 spell levels left.
You didn't know any spells.

Dungeon Overview and Level Annotations

Branches:
Dungeon (2/15)

Altars:

Annotations:
D:2 Sigmund


Innate Abilities, Weirdness & Mutations

You cannot wear most types of armour.
You are very stealthy in the water. (Stealth+)
You are amphibious.
You can wear up to eight rings at the same time.
You can use your tentacles to constrict eight enemies at once.
Your skin changes colour to match your surroundings (Stealth+).
Your rubbery body absorbs attacks. (AC +1, EV +1)


Message History

Sigmund is moderately wounded.
The kobold hits you with a short sword.
You bludgeon Sigmund! Your grab misses Sigmund.
Sigmund is heavily wounded.
Sigmund misses you. The kobold hits you with a short sword!
Okay, then.
You tentacle-slap Sigmund. You grab Sigmund. You squeeze Sigmund.
Sigmund is severely wounded.
You constrict Sigmund. Sigmund casts a spell at you.
You are confused.
The kobold hits you with a short sword.
* * * LOW HITPOINT WARNING * * *
It was a potion of might.
You feel very mighty all of a sudden.
You constrict Sigmund. The hobgoblin hits you with a club.
* * * LOW HITPOINT WARNING * * *
Sigmund gestures at you while chanting. You resist with significant effort.
The kobold hits you with a short sword.
You die...

......................##
...............#.#....#
.#
.........†..#.##.#.#..#
.# .............##
#....# .#
..######.######.#....#
.# .. ##..([.##
#.)....##.# #.......#
#.......#.. #≈..(..≈#
#.......#.. #≈≈.@.≈≈#
#.......... #≈≈K@g≈≈#
#.......... #≈≈...≈≈#
#.#........ #≈≈...≈≈#
#.#........ #≈≈...≈≈# #
#........ #≈≈...≈≈#
#........ #≈≈$..≈≈#
#.....#.. #≈.....≈#
##.... ..


You could see Sigmund, a hobgoblin and a kobold.

Vanquished Creatures
  An ooze (D:2)
  A leopard gecko (D:1)
  A ball python (D:2)
  2 bats (D:1)
  A giant cockroach (D:2)
  5 hobgoblins
  7 kobolds
  2 goblins
  2 rats
22 creatures vanquished.

Notes
Turn   | Place    | Note
-------+----------+-------------------------------------------
     0 | D:1      | iamserjio the Octopode Monk began the quest for the Orb.
     0 | D:1      | Reached XP level 1. HP: 16/16 MP: 1/1
   268 | D:1      | Reached XP level 2. HP: 18/21 MP: 2/2
   869 | D:2      | Reached XP level 3. HP: 8/26 MP: 3/3
  1173 | D:2      | Noticed Sigmund
  1184 | D:2      | Slain by a kobold

Vault maps used:
D:1:      enne_arrival_octagon_isle
D:2:      minmay_kobold_bridge, minmay_randomly_rotated_circles, uniq_robin,
          uniq_sigmund

Skill      XL: |  1 |
---------------+----+-----
Stealth        | 3 |  3.6
Fighting       | |  3.0
Dodging        | |  3.0
Unarmed Combat | |  3.8

Action                   || total
-------------------------++-------
Melee: Unarmed           ||    49
       Constrict         ||    13
       Tentacles         ||     9
       Punch             ||     1
  Use: Potion            ||     1
 Stab: Sleeping          ||     6
Armor: Skin              ||     3
Dodge: Dodged            ||    25
Block: Shield            ||     6

Table legend:
 A = Spawn XP
 B = Non-spawn XP
 C = Spawn XP percentage of total XP
 D = Spawn monster count
 E = Non-spawn monster count
 F = Spawn count percentage of total count
 G = Total turns spent on level
                    A         B        C        D         E        F      G
               +---------+---------+-------+---------+---------+-------+---------
         Total |       0 |      43 |   0.0 |       0 |      22 |   0.0 |  1184
               +---------+---------+-------+---------+---------+-------+---------
           D:1 |       0 |      17 |   0.0 |       0 |      10 |   0.0 |   806
           D:2 |       0 |      26 |   0.0 |       0 |      12 |   0.0 |   378
               +---------+---------+-------+---------+---------+-------+---------
